 Dungeon Crawl Stone Soup version 0.18-a0-1692-g516f9e9 (webtiles) character file.

1115 Shameful the Archer (level 8, -11/57 HPs)
             Began as a Demonspawn Wanderer on Apr 5, 2016.
             Killed from afar by Pikel (21 damage)
             ... with a wand of acid
             ... on level 6 of the Dungeon.
             The game lasted 00:10:36 (4267 turns).

Shameful the Archer (Demonspawn Wanderer)           Turns: 4267, Time: 00:10:37

Health: -11/57     AC: 10    Str: 13 (14) XL:     8   Next: 12%
Magic:  0/8        EV: 10    Int: 10 (13) God:
Gold:   175        SH:  3    Dex: 11 (14) Spells: 0 memorised, 7 levels left

rFire  . . .     SeeInvis .     a - +2 shortbow
rCold  . . .     Gourm    .     c - +0 ring mail
rNeg   . . .     Faith    .     (shield currently unavailable)
rPois  .         Spirit   +     y - +0 helmet
rElec  .         Dismiss  .     (no cloak)
rCorr  .         Reflect  .     (no gloves)
SustAt .         Harm     .     z - +0 pair of boots
MR     .....                    (no amulet)
Stlth  +.........               (no ring)
                                (no ring)

@: not resistant to hostile enchantments, very unstealthy
A: large bone plates 2, demonic guardian 1, magic shield, magic regeneration
a: no special abilities


You were on level 6 of the Dungeon.
You were not hungry.

You visited 2 branches of the dungeon, and saw 7 of its levels.

You collected 212 gold pieces.
You spent 37 gold pieces at shops.

Inventory:

Hand Weapons
 a - a +2 shortbow (weapon)
 e - a +0 dagger
Missiles
 b - 49 arrows (quivered)
 B - 12 poisoned arrows
Armour
 c - a +0 ring mail (worn)
 s - a cursed +0 plate armour
 y - a +0 helmet (worn)
 z - a +0 pair of boots (worn)
Scrolls
 g - 7 scrolls of identify {unknown}
 k - a scroll of enchant weapon {unknown}
 l - 3 scrolls of amnesia {unknown}
 o - a scroll of immolation {unknown}
 r - 6 scrolls of remove curse {unknown}
 t - 2 scrolls of teleportation {unknown}
 D - a scroll of magic mapping {unknown}
Potions
 d - a potion of lignification
 h - a potion of degeneration
 i - 2 potions of curing
 n - a potion of magic {unknown}
 p - 2 potions of might {unknown}
 q - 2 potions of brilliance {unknown}
 v - a potion of resistance {unknown}
 x - 2 potions of cancellation {unknown}
 A - 2 potions of flight {unknown}
 F - a potion of heal wounds {unknown}
Books
 C - an Akashic Record

   Spells                             Type                      Level
   a - Dispersal                      Translocation                6
   b - Malign Gateway                 Summoning/Translocation      7
   c - Disjunction                    Translocation                8
   d - Controlled Blink               Translocation                8
Miscellaneous
 u - a plain deck of summoning {drawn: 2}
Comestibles
 f - 6 bread rations
 j - 2 slices of pizza
 m - a beef jerky
 w - 4 meat rations
 E - a royal jelly


   Skills:
 - Level 2.7 Fighting
   Level 1.0 Maces & Flails
 + Level 9.1 Bows
 - Level 1.0 Throwing
 - Level 1.7 Armour
 - Level 1.0 Stealth


You had 7 spell levels left.
You didn't know any spells.

Dungeon Overview and Level Annotations

Branches:
Dungeon (6/15)             Temple (1/1) D:5

Altars:
Elyvilon
Fedhas
Gozag
Kikubaaqudgha
Makhleb
Nemelex Xobeh
Ru
Sif Muna
Trog
Vehumet
Xom
Zin

Shops:
D:4 (   D:6 *

Annotations:
D:6 Autotheist's ghost, novice DsWn; Pikel


Innate Abilities, Weirdness & Mutations

You are mostly covered in large bone plates (AC +3, SH +3).
A weak demonic guardian rushes to your aid.
When hurt, damage is shared between your health and your magic reserves.
You regenerate magic rapidly.


Message History

Your ufetubus barely misses Pikel.
Firing (i - inventory. (,) - cycle):
b - 50 arrows (quivered)
Press: ? - help, Shift-Dir - straight line, f/p - Pikel
Aim: Pikel, wielding a whip of electrocution, wearing a robe and carrying a wand of acid {zapped: 1} (moderately wounded)
You shoot an arrow. The arrow misses Pikel.
Your ufetubus disappears in a puff of smoke!
Pikel zaps a wand.
The bolt of acid hits you!
The acid burns!
* * * LOW HITPOINT WARNING * * *
Your iron imp misses Pikel.
Unknown command.
Pikel says, "Slavery isn't that bad."
Your iron imp barely misses Pikel.
Drink which item? (? for menu, Esc to quit)
Okay, then.
Unknown command.
The slave barely misses your iron imp. The slave hits your iron imp.
Pikel zaps a wand.
The bolt of acid hits your iron imp. The acid corrodes your iron imp!
The bolt of acid hits you!
You die...

#...##(#...#.#.#.........
#.####p#.).#.#...........
####'####§......###.###.....
#......####p#.#.###.# #.....
#......# #5#.#...#.# #.....
#.∩....# #.#.#.#.#.# #(####
#.†....# #K#.#.#.#.# ###
#......# #5#.#'#...#
#......# #@#....)####
#......## #..........#
#.......######.....#.#
#######†##....>....#.#
#.##.##.#....#.#
#.##.#..######.###
#....#.#######...#
#......##....##.##
#......'.....##.#


You could see Pikel, a slave and 2 friendly iron imps.

Vanquished Creatures
  2 slaves (D:6)
  An eye of draining (D:4)
  2 ogres (D:4)
  A centaur (D:3)
  A howler monkey (D:4)
  3 crimson imps
  An orc priest (D:5)
  3 giant frog skeletons
  2 iguanas (D:6)
  3 orc wizards (D:5)
  5 worker ants
  A hound skeleton (D:5)
  Robin (D:3)
  3 gnolls
  A howler monkey skeleton (D:5)
  5 adders
  3 adder skeletons
  2 worms
  5 dart slugs
  3 giant geckos
  An orc (D:5)
  3 ball pythons
  4 giant cockroaches
  17 goblins
  16 hobgoblins
  4 jackals
  4 quokkas
  8 bats
  3 giant newts
  6 kobolds
  A quokka skeleton (D:4)
  6 rats
121 creatures vanquished.

Vanquished Creatures (collateral kills)
  An ogre (D:5)
  Ijyb (D:2)
  3 goblins (D:3)
  A hobgoblin (D:3)
6 creatures vanquished.

Vanquished Creatures (others)
  A quokka (D:5)
1 creature vanquished.

Grand Total: 128 creatures vanquished

Notes
Turn   | Place    | Note
--------------------------------------------------------------
     0 | D:1      | Shameful the Demonspawn Wanderer began the quest for the Orb.
     0 | D:1      | Shameful set off with: a +2 shortbow, 28 arrows, a +0 ring mail, a potion of lignification, a bread ration
     0 | D:1      | Reached XP level 1. HP: 16/16 MP: 1/1
    89 | D:1      | Gained mutation: A weak demonic guardian rushes to your aid. [demonic ancestry]
    89 | D:1      | Reached XP level 2. HP: 16/23 MP: 2/2
   194 | D:1      | Reached skill level 3 in Bows
   473 | D:2      | Gained mutation: When hurt, damage is shared between your health and your magic reserves. [demonic ancestry]
   473 | D:2      | Reached XP level 3. HP: 27/28 MP: 3/3
   763 | D:2      | Found a sacrificial altar of Ru.
   885 | D:2      | Reached skill level 4 in Bows
   885 | D:2      | Gained mutation: You are partially covered in large bone plates (AC +2, SH +2). [demonic ancestry]
   885 | D:2      | Reached XP level 4. HP: 20/34 MP: 4/4
  1241 | D:2      | Noticed Ijyb
  1249 | D:2      | Killed Ijyb
  1849 | D:3      | Found a radiant altar of Vehumet.
  1863 | D:3      | Noticed Robin
  1889 | D:3      | Killed Robin
  1889 | D:3      | Gained mutation: You are mostly covered in large bone plates (AC +3, SH +3). [demonic ancestry]
  1889 | D:3      | Reached XP level 5. HP: 20/39 MP: 3/5
  1897 | D:3      | Reached skill level 5 in Bows
  2215 | D:3      | Noticed a centaur
  2221 | D:3      | Killed a centaur
  2221 | D:3      | Gained mutation: You regenerate magic rapidly. [demonic ancestry]
  2221 | D:3      | Reached XP level 6. HP: 46/46 MP: 6/6
  2290 | D:4      | Reached skill level 6 in Bows
  2522 | D:4      | Found Zedd's Weapon Shop.
  2543 | D:4      | Bought 17 arrows for 37 gold pieces
  2569 | D:4      | Reached skill level 7 in Bows
  2569 | D:4      | Reached XP level 7. HP: 32/51 MP: 4/7
  2617 | D:4      | Found a bloodstained altar of Trog.
  3066 | D:5      | Entered Level 5 of the Dungeon
  3067 | D:5      | Found a white marble altar of Elyvilon.
  3158 | D:5      | Reached skill level 8 in Bows
  3416 | D:5      | Found a staircase to the Ecumenical Temple.
  3445 | Temple   | Entered the Ecumenical Temple
  3574 | D:5      | Found a shimmering altar of Xom.
  3813 | D:5      | Reached XP level 8. HP: 53/57 MP: 6/8
  3936 | D:6      | Noticed Autotheist's ghost (novice DsWn)
  3977 | D:6      | Found Xidwipp's General Store.
  4072 | D:6      | Reached skill level 9 in Bows
  4206 | D:6      | Noticed Pikel
  4267 | D:6      | Killed from afar by Pikel

Vault maps used:
D:1:      tarquinn_simple_flora_water_a
D:2:      kennysheep_the_goblin_king, nicolae_ru_sacrificial_ziggurat
D:3:      nicolae_overflow_hidden_temple, amalloy_card_club, uniq_robin
D:4:      trog_eyes_of_draining, serial_shops, shop
D:5:      elyvilon_altar_4, minmay_temple_entry_glassed_door, basic_altar,
          first_bread
D:6:      marbit_many_paths, serial_shops, shop,
          nicolae_shop_overgrown_old_shop, nicolae_shop_waterfront, uniq_pikel
Temple:   minmay_temple_bridge_a_8

Skill      XL: |  1  2  3  4  5  6  7  8 |
---------------+-------------------------+-----
Bows           | 3 4 5 7 8 9 |  9.1
Fighting       | |  2.7
Maces & Flails | |  1.0
Throwing       | |  1.0
Armour         | |  1.7
Stealth        | |  1.0

Action                   |  1- 3 |  4- 6 |  7- 9 || total
-------------------------+-------+-------+-------++-------
Melee: Dagger            |     2 |    61 |       ||    63
 Fire: Shortbow          |   126 |   147 |   173 ||   446
Evoke: Deck              |       |     2 |       ||     2
  Use: Potion            |       |       |     2 ||     2
  Eat: Chunk             |       |     5 |     1 ||     6
       Bread ration      |       |       |     1 ||     1
